 Dungeon Crawl Stone Soup version 0.28.0-53-g5a82cb258f (webtiles) character file.

Game seed: 6279934208038250839

113 ILmort the Chopper (level 4, -5/41 HPs)
             Began as a Hill Orc Monk on Aug 22, 2022.
             Slain by an ogre
             ... wielding a +0 giant club
              (19 damage)
             ... on level 4 of the Dungeon.
             The game lasted 00:08:29 (4117 turns).

ILmort the Chopper (Hill Orc Monk)                  Turns: 4117, Time: 00:08:30

Health: -5/41      AC:  8    Str: 15    XL:     4   Next: 96%
Magic:  0/4        EV:  6    Int: 10    God:
Gold:   59         SH:  0    Dex: 13    Spells: 3/3 levels left

rFire   . . .      SeeInvis .   a - +0 hand axe
rCold   . . .      Faith    .   (no shield)
rNeg    . . .      Spirit   +   r - +0 chain mail
rPois   .          Reflect  .   (no helmet)
rElec   .          Harm     .   (no cloak)
rCorr   .          Rampage  .   (no gloves)
Will    .....                   (no boots)
Stlth   ..........              k - amulet of guardian spirit
HPRegen 0.13/turn               (no ring)
MPRegen 0.09/turn               (no ring)

@: no status effects
A: no striking features
a: no special abilities


You were on level 4 of the Dungeon.
You visited 1 branch of the dungeon, and saw 4 of its levels.

You collected 119 gold pieces.
You spent 60 gold pieces at shops.

Inventory:

Hand Weapons
 a - a +0 hand axe (weapon)
 m - a +0 spear
 n - a +0 spear
Armour
 b - a +0 robe
 f - a +0 ring mail
 r - a +0 chain mail (worn)
Jewellery
 k - an amulet of guardian spirit (around neck)
Scrolls
 c - a scroll of brand weapon {unknown}
 d - 3 scrolls of fear {unknown}
 e - a scroll of magic mapping {unknown}
 j - a scroll of vulnerability {unknown}
 o - 3 scrolls of identify {unknown}
 p - a scroll of blinking {unknown}
 q - a scroll of amnesia {unknown}
 t - a scroll of torment {unknown}
 u - a scroll of enchant weapon {unknown}
Potions
 g - 2 potions of curing {unknown}
 h - 2 potions of heal wounds {unknown}
 i - 3 potions of flight {unknown}
 l - a potion of degeneration {unknown}
 s - a potion of brilliance {unknown}


   Skills:
 + Level 4.7 Fighting
 * Level 6.4 Axes
 - Level 2.4 Dodging
 - Level 1.5 Stealth


You had 3 spell levels left.
You didn't know any spells.
Your spell library contained the following spells:

 Spells                   Type           Power      Damage    Failure   Level
 Corpse Rot               Necr/Air       0%         N/A       100%        2
 Poisonous Vapours        Pois/Air       0%         N/A       100%        2


Dungeon Overview and Level Annotations

Branches:
Dungeon (4/15)
 Temple: D:4-7

Altars:
Ru

Shops:
D:2 *

Annotations:
D:4 1 transporter


Message History

No target in view!
No target in view!
No target in view!
A ball python comes into view.
The ball python hisses angrily.
The ball python bites you but does no damage.
The ball python grabs you. The ball python constricts you.
The ball python barely misses you. The ball python constricts you.
You barely miss the ball python.
The ball python bites you but does no damage.
The ball python constricts you.
You hit the ball python.
You kill the ball python!
No target in view!
No target in view!
No target in view!
No target in view!
No target in view!
No target in view!
No target in view!
No target in view!
You see here a ball python corpse.
Found a stone staircase leading down.
Found a transporter.
You now have 59 gold pieces (gained 9).
Found 25 sling bullets.
An ogre comes into view. It is wielding a +0 giant club.
The ogre shouts!
You barely miss the ogre. The ogre hits you with a +0 giant club!
You barely miss the ogre. The ogre barely misses you.
You barely miss the ogre. You hit the ogre.
The ogre hits you with a +0 giant club.
You hit the ogre. The ogre hits you with a +0 giant club!
You hit the ogre. The ogre closely misses you.
You hit the ogre. You hit the ogre. The ogre hits you with a +0 giant club!
You hit the ogre. The ogre closely misses you.
You hit the ogre.
The ogre hits you with a +0 giant club!!
You die...

#. .# #.# .# ###
#.# .#
#(..#.##.#
#...#....#####.
#...#..........
##...#..........
#.......@O......
#.........####.#
#......####
#......#
####.#.#
#.#.#########
####
#.#..........
..... .
#..########
.....######>.#


You could see an ogre.

Vanquished Creatures
  4 gnolls
  An adder (D:2)
  3 worms
  A dart slug (D:3)
  6 endoplasms
  2 giant cockroaches (D:1)
  6 hobgoblins
  3 quokkas
  5 ball pythons
  6 bats
  4 frilled lizards
  5 goblins
  6 kobolds
  8 rats
60 creatures vanquished.

Vanquished Creatures (others)
  3 plants
3 creatures vanquished.

Grand Total: 63 creatures vanquished

Notes
Turn   | Place    | Note
-------+----------+-------------------------------------------
     0 | D:1      | ILmort the Hill Orc Monk began the quest for the Orb.
     0 | D:1      | Reached XP level 1. HP: 19/19 MP: 1/1
   337 | D:1      | Reached XP level 2. HP: 27/27 MP: 2/2
   786 | D:1      | Reached skill level 5 in Axes
  1108 | D:2      | Reached XP level 3. HP: 31/33 MP: 3/3
  1203 | D:2      | Found a sacrificial altar of Ru.
  1784 | D:2      | Reached XP level 4. HP: 15/41 MP: 2/4
  2154 | D:2      | Reached skill level 6 in Axes
  2607 | D:2      | Found Ucvojaur's Assorted Antiques.
  2615 | D:2      | Bought a scroll labelled YFIAJAL LARAS for 30 gold pieces
  3956 | D:2      | Bought a scroll labelled YFIAJAL LARAS for 30 gold pieces
  4089 | D:4      | Found a transporter.
  4103 | D:4      | Noticed an ogre
  4117 | D:4      | Slain by an ogre

Illustrated notes

Levels and vault maps discovered:
D:1:      minmay_arrival_plants_in_alcoves, layout_rooms, minmay_quantized
D:2:      layout_loops_corners, basic_altar, serial_shops,
          nicolae_shop_overgrown_old_shop, minmay_fountain_box,
          chequers_decorated_corner
D:3:      layout_basic, serial_bayou_lagoon_a
D:4:      gammafunk_cloud_chamber, layout_basic,
          grunt_temple_overflow_growth_and_decay, lemuel_round_altar,
          grunt_tough_drop, uniq_duvessa

Skill      XL: |  1  2  3  4 |
---------------+-------------+-----
Fighting       | 4 |  4.7
Axes           | 5 6 |  6.4
Dodging        | |  2.4
Stealth        | |  1.5

Action                   |  1- 3 |  4- 6 || total
-------------------------+-------+-------++-------
Melee: Hand axe          |   105 |   107 ||   212
       Punch             |       |     3 ||     3
 Stab: Sleeping          |     1 |       ||     1
Armor: Robe              |    15 |       ||    15
       Ring mail         |    17 |    18 ||    35
       Chain mail        |       |     5 ||     5
Dodge: Dodged            |    73 |    44 ||   117
